 Dungeon Crawl Stone Soup version 0.30-a0-618-gd6c86c23d0 (webtiles) character file.

Game seed: 10399856811685231136

1101 acebull12 the Grappler (level 8, -1/117 HPs)
             Began as a Troll Cinder Acolyte on Jan 10, 2023.
             Was a High Priest of Ignis.
             Slain by Menkaure (7 damage)
             ... in an ossuary.
             The game lasted 00:10:51 (4400 turns).

acebull12 the Grappler (Troll Cinder Acolyte)       Turns: 4400, Time: 00:10:51

Health: -1/117     AC: 24    Str: 28    XL:     8   Next: 10%
Magic:  8/8        EV:  1    Int: 10    God:    Ignis [*****.]
Gold:   208        SH:  7    Dex:  8    Spells: 9/9 levels left

rFire   + + +      SeeInvis .      - Unarmed
rCold   . . .      Faith    .    o - +1 kite shield "Linotaugur" {rElec rF++ Str+3 Dex+3}
rNeg    . . .      Spirit   .    (body armour currently unavailable)
rPois   +          Reflect  .    (helmet currently unavailable)
rElec   +          Harm     .    (cloak currently unavailable)
rCorr   .          Rampage  .    (gloves unavailable)
Will    .....      NoTele   +    (boots unavailable)
Stlth   +                        (no amulet)
HPRegen 1.19/turn                (no ring)
MPRegen 0.11/turn                (no ring)

@: tree-form, studying Fighting
A: stationary, stasis, torment immunity, boosted hp, large, unfitting armour,
(claws 3), regeneration 1, (shaggy fur 1), (tough skin 1)
a: Renounce Religion, Fiery Armour, Foxfire Swarm, Rising Flame


You were in an ossuary.
You worshipped Ignis.
Ignis was extremely pleased with you.
You were a tree.
You visited 1 branch of the dungeon, and saw 5 of its levels.
You also visited: Ossuary.

You collected 208 gold pieces.

Inventory:

Missiles
 j - 27 stones (quivered)
Armour
 a - a +1 robe (melded)
 o - the +1 kite shield "Linotaugur" (worn) {rElec rF++ Str+3 Dex+3}
   (You acquired it on level 5 of the Dungeon)

   Str:       It affects your strength (+3).
   Dex:       It affects your dexterity (+3).
   rF:        It greatly protects you from fire.
   rElec:     It insulates you from electricity.
 s - a scarf of shadows (melded)
 w - the +0 hat of Minor Irritation (melded) {Will++ SInv Stlth+}
   (You acquired it on level 5 of the Dungeon)

   SInv:      It lets you see invisible.
   Will:      It greatly increases your willpower.
   Stlth:     It makes you more stealthy.
Jewellery
 p - a ring of ice
Wands
 t - a wand of charming (11)
Scrolls
 e - 2 scrolls of teleportation
 k - a scroll of enchant armour
 r - a scroll of silence {unknown}
Potions
 f - 2 potions of mutation
 h - 2 potions of ambrosia
 i - a potion of lignification
 l - a potion of curing {unknown}
 n - a potion of haste {unknown}
 u - a potion of attraction {unknown}
 v - a potion of heal wounds {unknown}


   Skills:
 * Level 4.1 Fighting
 + Level 0.2 Throwing
 + Level 2.1 Dodging
 + Level 1.2 Stealth
 * Level 0.7 Shields
 * Level 8.1 Unarmed Combat
 + Level 1.0 Spellcasting
 + Level 2.4 Fire Magic


You had 9 spell levels left.
You didn't know any spells.
Your spell library contained the following spells:

 Spells                   Type           Power      Damage    Failure   Level
 Scorch                   Fire           10%        2d5       45%         2
 Kiss of Death            Conj/Necr      0%         2d5       65%         1
 Magic Dart               Conj           0%         1d3       65%         1
 Summon Small Mammal      Summ           0%         N/A       65%         1
 Searing Ray              Conj           0%         2d4       80%         2
 Ignite Poison            Fire/Tmut/Pois 2%         N/A       89%         3
 Call Canine Familiar     Summ           0%         N/A       95%         3
 Confusing Touch          Hex            0%         N/A       95%         3
 Summon Guardian Golem    Hex/Summ       0%         N/A       95%         3
 Sticky Flame             Conj/Fire      2%         2d3       99%         4
 Dispel Undead            Necr           0%         3d6       100%        4
 Fulminant Prism          Conj/Hex       0%         3d5       100%        4
 Ignition                 Fire           2%         3d3       100%        8


Dungeon Overview and Level Annotations

Branches:
Dungeon (5/15)            Ossuary (1/1)
 Temple: D:4-7

Altars:
Dithmenos
Hepliaklqana
Qazlal

Shops:
D:5 !

Annotations:
Ossuary Menkaure


Innate Abilities, Weirdness & Mutations

You are a tree.
Your roots penetrate the ground, keeping you stationary.
You cannot be teleported.
You are immune to unholy pain and torment.
Your maximum health is greatly increased.
Your equipment is partially melded.
You are too large for most types of armour.
((You have claws for hands.))
Your natural rate of healing is unusually fast.
((You are covered in fur. (AC +1)))
((You have tough skin. (AC +1)))


Message History

Something unseen opens the door.
You close the door.
There is an open door here.
There is an open door here.
Which direction?
You close the door.
You start resting.
HP restored.
As you open the door, it creaks loudly!
You hear a shout!
There is an open door here.
Menkaure calls on the powers of darkness!
Your body is wracked with pain!
Menkaure calls on the powers of darkness!
Your body is wracked with pain!
* * * LOW HITPOINT WARNING * * *
Menkaure is nearby!
Menkaure calls on the powers of darkness!
Your body is wracked with pain!
* * * LOW HITPOINT WARNING * * *
There is an open door here.
Which direction?
You close the door.
There is an open door here.
You close the door.
You start resting.
Menkaure, Prince of Dust opens the door.
Menkaure calls on the powers of darkness!
Your body is wracked with pain!
* * * LOW HITPOINT WARNING * * *
There is an open door here.
You scratch Menkaure but do no damage. The mummy hits you!
* * * LOW HITPOINT WARNING * * *
Okay, then.
Really quaff the potion of lignification?
You turn into a tree.
Your scarf of shadows melds into your body.
The +0 hat of Minor Irritation {Will++ SInv Stlth+} melds into your body.
Your +1 robe melds into your body.
The dungeon's light returns to normal.
Your roots penetrate the ground.
Menkaure hits you!
You die...

#..#.#....#....#....#.
#..###....#....#....#.
#..'.#....#....#....#.
#..#.'....#....#....#.
#..#.#################
#..###....# #.
#..'.#....# #.
#..#M#....# ! #.
#..#M♣....# !M #.
#..########


!$M ## #..'.#....# .!!M #. #..#.#....#...!! #. #..#.M....'..... #.
#..###....#..... #. #..'.################# #..#.#....#....#....#.
#..#.#....#....#....#. You could see Menkaure and a mummy.

Vanquished Creatures
  Sigmund (D:4)
  A water moccasin (D:5)
  A phantom (D:4)
  A necrophage (D:4)
  2 scorpions (D:4)
  5 centaur zombies (Ossuary)
  A hound (D:4)
  A human zombie (Ossuary)
  Jessica (D:3)
  Natasha (twice) (D:4)
  2 orc wizards (D:4)
  4 mummies
  7 adders
  3 adder zombies (Ossuary)
  2 worms
  A dart slug (D:1)
  5 orcs
  3 ball pythons
  7 endoplasms
  5 giant cockroaches
  3 goblins
  9 hobgoblins
  5 jackals (D:1)
  3 quokkas
  4 bats
  2 frilled lizards (D:2)
  A gnoll zombie (Ossuary)
  4 goblin zombies (Ossuary)
  3 hobgoblin zombies (Ossuary)
  4 kobolds
  4 kobold zombies (Ossuary)
  7 quokka zombies (Ossuary)
  10 rats
  2 rat zombies (Ossuary)
  A spectral kobold (D:4)
117 creatures vanquished.

Vanquished Creatures (others)
  2 plants
2 creatures vanquished.

Grand Total: 119 creatures vanquished

Notes
Turn   | Place    | Note
-------+----------+-------------------------------------------
     0 | D:1      | acebull12 the Troll Cinder Acolyte began the quest for the
                  | Orb.
     0 | D:1      | Reached XP level 1. HP: 22/22 MP: 1/1
    35 | D:1      | Reached XP level 2. HP: 14/29 MP: 2/2
   524 | D:1      | Reached XP level 3. HP: 36/36 MP: 3/3
  1807 | D:3      | Reached skill level 4 in Unarmed Combat
  1821 | D:3      | Reached XP level 4. HP: 38/45 MP: 4/4
  1857 | D:3      | Noticed Jessica
  1864 | D:3      | Killed Jessica
  2472 | D:3      | Found a shadowy altar of Dithmenos.
  2481 | D:3      | Found a stormy altar of Qazlal.
  2791 | D:4      | Noticed a phantom
  2981 | D:4      | Noticed a scorpion
  2989 | D:4      | Killed a scorpion
  2990 | D:4      | Reached skill level 1 in Dodging
  2990 | D:4      | Reached skill level 5 in Unarmed Combat
  2990 | D:4      | Reached XP level 5. HP: 35/53 MP: 5/5
  3063 | D:4      | Noticed Natasha
  3068 | D:4      | Killed Natasha
  3105 | D:4      | Killed a phantom
  3106 | D:4      | Reached XP level 6. HP: 44/61 MP: 6/6
  3373 | D:4      | Reached skill level 6 in Unarmed Combat
  3422 | D:4      | Noticed Natasha
  3428 | D:4      | Killed Natasha
  3460 | D:4      | Reached XP level 7. HP: 65/67 MP: 7/7
  3470 | D:4      | Found a hazy altar of Hepliaklqana.
  3512 | D:4      | Noticed Sigmund
  3528 | D:4      | Killed Sigmund
  3529 | D:4      | Reached skill level 1 in Stealth
  3529 | D:4      | Reached skill level 7 in Unarmed Combat
  3749 | D:5      | Entered Level 5 of the Dungeon
  3770 | D:5      | Found Fuigaev's Distillery.
  3798 | D:5      | Identified 3 scrolls of acquirement
  3798 | D:5      | Acquired a manual of Fighting
  3799 | D:5      | Acquired the +0 hat of Minor Irritation {Will++ SInv
                  | Stlth+}
  3805 | D:5      | Acquired the +1 kite shield "Linotaugur" {rElec rF++ Str+3
                  | Dex+3}
  3871 | D:5      | Found a sand-covered staircase.
  3885 | Ossuary  | Entered an ossuary
  3944 | Ossuary  | Noticed Menkaure
  4258 | Ossuary  | Reached XP level 8. HP: 78/78 MP: 8/8
  4264 | Ossuary  | Reached skill level 8 in Unarmed Combat
  4399 | Ossuary  | HP: 3/78 [mummy (15)]
  4400 | Ossuary  | Slain by Menkaure

Illustrated notes

Levels and vault maps discovered:
D:1:      erik_arrival_cave_to_civilisation [erik_arrival_cave_to_hall],
          layout_loops_ring
D:2:      layout_basic, serial_bayou_pond_a
D:3:      layout_loops_ring, amethyst_overflow_temple_binary, serial_bayou,
          serial_bayou_shore_a, serial_bayou_crossing, serial_bayou_lagoon_b,
          serial_bayou_shore_b, serial_bayou_pond_a, minmay_misc_feat_roman,
          minmay_box_of_dots, uniq_jessica
D:4:      layout_basic, nicolae_hepliaklqana_monster_ancestors, serial_forest,
          infiniplex_forest_lined_ring, infiniplex_forest_zigzag_2,
          infiniplex_forest_straight_2, infiniplex_forest_straight_4,
          infiniplex_forest_zigzag_1, infiniplex_forest_lined_room_2,
          infiniplex_forest_lined_3, infiniplex_forest_pool, uniq_natasha,
          uniq_sigmund
D:5:      layout_basic, cheibriados_altar_1, serial_shops, shop,
          gup_ossuary_entry_pyramid
Ossuary:  ossuary_boxes_badplayer

Skill      XL: |  1  2  3  4  5  6  7  8 |
---------------+-------------------------+-----
Unarmed Combat | 4 5 6 7 8 |  8.1
Fighting       | 3 4 |  4.1
Dodging        | 1 2 |  2.1
Stealth        | 1 |  1.2
Throwing       | |  0.2
Shields        | |  0.7
Spellcasting   | |  1.0
Fire Magic     | |  2.4

Action                   |  1- 3 |  4- 6 |  7- 9 || total
-------------------------+-------+-------+-------++-------
Melee: Unarmed           |   118 |   126 |   115 ||   359
       Punch             |       |     1 |       ||     1
Throw: Stone             |       |     4 |       ||     4
  Use: Scroll            |       |       |    13 ||    13
       Potion            |       |       |     1 ||     1
 Stab: Sleeping          |       |       |    12 ||    12
Armor: Robe              |    55 |    24 |    36 ||   115
Dodge: Dodged            |    44 |    40 |    33 ||   117
Block: Kite shield       |       |       |    19 ||    19

Table legend: (Time is in decaauts)
 A = Elapsed time spent in this place.
 B = Non-inter-level travel time spent in this place.
 C = Inter-level travel time spent in this place.
 D = Time resting spent in this place.
 E = Time spent auto-exploring this place.
 F = Levels seen in this place.
 G = Mean time per level.
                   A        B        C        D        E       F      G
               +--------+--------+--------+--------+--------+-----+--------+
         Total |   4378 |   3931 |    447 |    185 |   2833 |   6 |  729.7 |
       Dungeon |   3864 |   3417 |    447 |     42 |   2752 |   5 |  772.8 |
       Ossuary |    514 |    514 |      0 |    143 |     81 |   1 |  514.0 |
               +--------+--------+--------+--------+--------+-----+--------+

Top non-repeatable levels by time:
     D:3: 1057 daAuts
     D:1: 977 daAuts
     D:4: 915 daAuts
     D:2: 798 daAuts
 Ossuary: 514 daAuts
     D:5: 115 daAuts
